SOB
LA CEIBA MANATEES @ PUERTO BARRIOS GENERALS
01/02/1981
 
TOP OF THE 1ST
Castries Palmeras batting - Pitching for Acapulco Locos : RHP Jeffrey Orville
Pitching: RHP Jeffrey Orville
Batting: LHB Wayne Pechek 0-0: Ball
1-0: SINGLE (Groundball, 4MD, EV 96.9 MPH)
Batting: LHB Jerry Willard 0-0: Ball
1-0: Called Strike
1-1: Called Strike
1-2: Ball
2-2: Fly out, F8 (Flyball, 8RM, EV 87.5 MPH)
Batting: SHB Ignacio Medina 0-0: Ball
1-0: Ball
2-0: Fielders Choice at 2nd, 5-4 (Groundball, 56, EV 86.9 MPH)
Batting: RHB Jeff Bertoni 0-0: Ball
1-0: Foul Ball, location: 2F
1-1: Foul Ball, location: 2F
1-2: Fly out, F7 (Flyball, 7LMF, EV 91.3 MPH)
Top of the 1st over - 0 runs, 1 hit, 0 errors, 1 left on base; Castries 0 - Acapulco 0
BOTTOM OF THE 1ST
Acapulco Locos batting - Pitching for Castries Palmeras : RHP James Rogers
Pitching: RHP James Rogers
Batting: RHB Heriberto Valdez 0-0: Ground out 6-3 (Groundball, 6, EV 94.4 MPH)
Batting: RHB Ray Smith 0-0: Foul Ball, location: 2F
0-1: Ground out 4-3 (Groundball, 4, EV 86.3 MPH)
Batting: RHB Dan Gladden 0-0: Foul Ball, location: 2F
0-1: Ball
1-1: Ball
2-1: Foul Ball, location: 2F
2-2: Strikes out swinging
Bottom of the 1st over - 0 runs, 0 hits, 0 errors, 0 left on base; Castries 0 - Acapulco 0
TOP OF THE 2ND
Castries Palmeras batting - Pitching for Acapulco Locos : RHP Jeffrey Orville
Batting: RHB Rob Teegarden 0-0: Ball
1-0: Called Strike
1-1: Ground out 5-3 (Groundball, 56, EV 105.6 MPH)
Batting: RHB Bob Boone 0-0: Fly out, F7 (Flyball, 78S, EV 88.1 MPH)
Batting: SHB Manny Castillo 0-0: SINGLE (Groundball, 34D, EV 97.5 MPH)
Batting: LHB Geno Petralli 0-0: Called Strike
0-1: Ground out 4-3 (Groundball, 4, EV 95.0 MPH)
Top of the 2nd over - 0 runs, 1 hit, 0 errors, 1 left on base; Castries 0 - Acapulco 0
BOTTOM OF THE 2ND
Acapulco Locos batting - Pitching for Castries Palmeras : RHP James Rogers
Batting: LHB Manny Leal 0-0: Swinging Strike
0-1: Ball
1-1: Ball
2-1: Swinging Strike
2-2: Foul Ball, location: 2F
2-2: Foul Ball, location: 2F
2-2: Foul Ball, location: 2F
2-2: Foul Ball, location: 2F
2-2: Ball
3-2: Base on Balls
Batting: RHB Michael Ventress 0-0: Called Strike
0-1: Foul Ball, location: 2F
0-2: SINGLE (Groundball, 6MD, EV 111.3 MPH)
Manny Leal to second
Runner from 2nd tries for 3rd, SAFE, throw by CF made to third
Batting: LHB Juan Zavala 0-0: Called Strike
0-1: Called Strike
0-2: Ball
1-2: Ball
2-2: Strikes out swinging
Batting: LHB Jeff Smith 0-0: Foul Ball, location: 2F
0-1: Ball
1-1: Foul Ball, location: 2F
1-2: Ball
2-2: SINGLE (Groundball, 56D, EV 93.8 MPH)
Manny Leal scores
Michael Ventress to second
Batting: RHB Alex Sanchez 0-0: Fielders Choice at 2nd, 6-4 (Groundball, 6, EV 83.8 MPH)
Michael Ventress to third
Batting: RHB Ramon Lora 0-0: Called Strike
Alex Sanchez steals 2nd base
0-1: Ball
1-1: Ground out 5-3 (Groundball, 56S, EV 69.4 MPH)
Bottom of the 2nd over - 1 run, 2 hits, 0 errors, 2 left on base; Castries 0 - Acapulco 1
TOP OF THE 3RD
Castries Palmeras batting - Pitching for Acapulco Locos : RHP Jeffrey Orville
Batting: RHB Lance Ediger 0-0: Swinging Strike
0-1: Swinging Strike
0-2: Strikes out swinging, 2-3 out at first.
Batting: LHB Wayne Pechek 0-0: Ball
1-0: Ball
2-0: Ball
3-0: Base on Balls
Batting: LHB Jerry Willard 0-0: Ball
1-0: Foul Ball, location: 2F
1-1: Foul Ball, location: 2F
1-2: Grounds into double play, 6-4-3 (Groundball, 56, EV 78.1 MPH)
Top of the 3rd over - 0 runs, 0 hits, 0 errors, 0 left on base; Castries 0 - Acapulco 1
BOTTOM OF THE 3RD
Acapulco Locos batting - Pitching for Castries Palmeras : RHP James Rogers
Batting: RHB Heriberto Valdez 0-0: Swinging Strike
0-1: Fly out, F8 (Flyball, 8LD, EV 92.5 MPH)
Batting: RHB Ray Smith 0-0: Fly out, F5 (Flyball, 5D, EV 84.4 MPH)
Batting: RHB Dan Gladden 0-0: Ball
1-0: Ball
2-0: Fly out, F9 (Flyball, 9LMF, EV 83.8 MPH)
Bottom of the 3rd over - 0 runs, 0 hits, 0 errors, 0 left on base; Castries 0 - Acapulco 1
TOP OF THE 4TH
Castries Palmeras batting - Pitching for Acapulco Locos : RHP Jeffrey Orville
Batting: SHB Ignacio Medina 0-0: Ball
1-0: Fly out, F4 (Popup, 4M, EV 62.5 MPH)
Batting: RHB Jeff Bertoni 0-0: Foul Ball, location: 2F
0-1: Ball
1-1: Ground out 4-3 (Groundball, 4, EV 90.0 MPH)
Batting: RHB Rob Teegarden 0-0: Called Strike
0-1: Ball
1-1: Ball
2-1: Called Strike
2-2: Foul Ball, location: 2F
2-2: Ground out 4-3 (Groundball, 34, EV 109.4 MPH)
Top of the 4th over - 0 runs, 0 hits, 0 errors, 0 left on base; Castries 0 - Acapulco 1
BOTTOM OF THE 4TH
Acapulco Locos batting - Pitching for Castries Palmeras : RHP James Rogers
Batting: LHB Manny Leal 0-0: Ground out U3 (Groundball, 34, EV 113.8 MPH)
Batting: RHB Michael Ventress 0-0: Foul Ball, location: 2F
0-1: Ball
1-1: Ball
2-1: Fly out, F9 (Flyball, 9LM, EV 96.3 MPH)
Batting: LHB Juan Zavala 0-0: Ball
1-0: Fly out, F8 (Line Drive, 8LD, EV 89.4 MPH)
Bottom of the 4th over - 0 runs, 0 hits, 0 errors, 0 left on base; Castries 0 - Acapulco 1
TOP OF THE 5TH
Castries Palmeras batting - Pitching for Acapulco Locos : RHP Jeffrey Orville
Batting: RHB Bob Boone 0-0: Ball
1-0: Called Strike
1-1: SINGLE (Line Drive, 5D, EV 108.8 MPH)
Batting: SHB Manny Castillo 0-0: Ball
1-0: Ball
2-0: Ball
3-0: Called Strike
3-1: Foul Ball, location: 2F
3-2: Foul Ball, location: 2F
3-2: Base on Balls
Bob Boone to second
Batting: LHB Geno Petralli 0-0: Ball
1-0: Grounds into double play, 4-6-3 (Groundball, 4, EV 85.0 MPH)
Bob Boone to third
Batting: RHB Lance Ediger 0-0: Ball
1-0: Ground out 5-3 (Groundball, 56S, EV 93.8 MPH)
Top of the 5th over - 0 runs, 1 hit, 0 errors, 1 left on base; Castries 0 - Acapulco 1
BOTTOM OF THE 5TH
Acapulco Locos batting - Pitching for Castries Palmeras : RHP James Rogers
Batting: LHB Jeff Smith 0-0: Foul Ball, location: 2F
0-1: Called Strike
0-2: Ball
1-2: Strikes out swinging
Batting: RHB Alex Sanchez 0-0: Ball
1-0: Ball
2-0: Ball
3-0: Base on Balls
Batting: RHB Ramon Lora 0-0: Ball
1-0: Ball
Alex Sanchez steals 2nd base
2-0: Foul Ball, location: 2F
2-1: Ball
3-1: Fly out, F9 (Line Drive, 9, EV 94.4 MPH)
Batting: RHB Heriberto Valdez 0-0: Ball
1-0: Fly out, F8 (Flyball, 8RD, EV 91.3 MPH)
Bottom of the 5th over - 0 runs, 0 hits, 0 errors, 1 left on base; Castries 0 - Acapulco 1
TOP OF THE 6TH
Castries Palmeras batting - Pitching for Acapulco Locos : RHP Jeffrey Orville
Batting: LHB Wayne Pechek 0-0: Ball
1-0: SINGLE (Line Drive, 34D, EV 96.9 MPH)
Batting: LHB Jerry Willard 0-0: Called Strike
0-1: Ball
1-1: Swinging Strike
1-2: Strikes out swinging
Batting: SHB Ignacio Medina 0-0: Ball
1-0: Called Strike
1-1: Fly out, F9 (Flyball, 9LS, EV 93.8 MPH)
Batting: RHB Jeff Bertoni 0-0: Ball
1-0: Fly out, F4 (Popup, 13S, EV 89.4 MPH)
Top of the 6th over - 0 runs, 1 hit, 0 errors, 1 left on base; Castries 0 - Acapulco 1
BOTTOM OF THE 6TH
Acapulco Locos batting - Pitching for Castries Palmeras : RHP James Rogers
Batting: RHB Ray Smith 0-0: Fly out, F7 (Flyball, 7D, EV 92.5 MPH)
Batting: RHB Dan Gladden 0-0: Ball
1-0: Called Strike
1-1: Ball
2-1: Foul Ball, location: 2F
2-2: Strikes out swinging
Batting: LHB Manny Leal 0-0: Ball
1-0: Ground out 6-3 (Groundball, 6M, EV 98.1 MPH)
Bottom of the 6th over - 0 runs, 0 hits, 0 errors, 0 left on base; Castries 0 - Acapulco 1
TOP OF THE 7TH
Castries Palmeras batting - Pitching for Acapulco Locos : RHP Jeffrey Orville
Batting: RHB Rob Teegarden 0-0: Ball
1-0: Foul Ball, location: 2F
1-1: Foul Ball, location: 2F
1-2: Foul Ball, location: 2F
1-2: Foul Ball, location: 2F
1-2: SOLO HOME RUN (Flyball, 9D, EV 93.8 MPH), Distance : 370 ft
Batting: RHB Bob Boone 0-0: Ball
1-0: Swinging Strike
1-1: Foul Ball, location: 2F
1-2: Ball
2-2: Ball
3-2: SINGLE (Groundball, 56S, EV 65.6 MPH) (infield hit)
Batting: SHB Manny Castillo 0-0: Called Strike
0-1: Foul Ball, location: 2F
0-2: Foul Ball, location: 2F
0-2: Ball
1-2: Ball
2-2: Fly out, F9 (Flyball, 9LM, EV 87.5 MPH)
Batting: LHB Geno Petralli 0-0: Called Strike
0-1: Ball
1-1: Called Strike
1-2: Ball
2-2: Foul Ball, location: 2F
2-2: SINGLE (Groundball, 4MD, EV 98.8 MPH)
Bob Boone to second
Batting: RHB Lance Ediger 0-0: Called Strike
0-1: Swinging Strike
0-2: Ball
1-2: SINGLE (Groundball, 4MD, EV 93.8 MPH)
Bob Boone to third
Geno Petralli to second
Runner from 3rd tries for Home, SAFE, throw by CF to home
Batting: LHB Wayne Pechek 0-0: Ball
1-0: Foul Ball, location: 2F
1-1: Swinging Strike
1-2: Foul Ball, location: 2F
1-2: Ball
2-2: Foul Ball, location: 2F
2-2: Fielders Choice at 2nd, 3-6 (Groundball, 3, EV 93.1 MPH)
Geno Petralli to third
Pitching: RHP Alexis Roselli
Batting: LHB Jerry Willard 0-0: Foul Ball, location: 2F
0-1: Ball
1-1: DOUBLE (Line Drive, 78D, EV 103.8 MPH)
Geno Petralli scores
Wayne Pechek to third
Runner from 3rd tries for Home, SAFE, no throw by LF
Batting: SHB Ignacio Medina 0-0: Ball
1-0: Called Strike
1-1: Called Strike
1-2: Fly out, F9 (Flyball, 9, EV 86.9 MPH)
Top of the 7th over - 4 runs, 5 hits, 0 errors, 1 left on base; Castries 4 - Acapulco 1
BOTTOM OF THE 7TH
Acapulco Locos batting - Pitching for Castries Palmeras : RHP James Rogers
Batting: RHB Michael Ventress 0-0: Ball
1-0: Ball
2-0: Foul Ball, location: 2F
2-1: Ground out 1-3 (Groundball, 34S, EV 86.9 MPH)
Batting: LHB Juan Zavala 0-0: Called Strike
0-1: TRIPLE (Flyball, 9LD, EV 93.1 MPH)
Batting: LHB Jeff Smith 0-0: Ball
1-0: Ground out 4-3 (Groundball, 4M, EV 78.8 MPH)
Juan Zavala scores
Batting: RHB Alex Sanchez 0-0: Ball
1-0: Ball
2-0: Ground out U3 (Groundball, 3S, EV 86.3 MPH)
Bottom of the 7th over - 1 run, 1 hit, 0 errors, 0 left on base; Castries 4 - Acapulco 2
TOP OF THE 8TH
Castries Palmeras batting - Pitching for Acapulco Locos : RHP Alexis Roselli
Batting: RHB Jeff Bertoni 0-0: Foul Ball, location: 2F
0-1: Ball
1-1: Fly out, F8 (Flyball, 78M, EV 90.6 MPH)
Batting: RHB Rob Teegarden 0-0: Called Strike
0-1: Swinging Strike
0-2: Foul Ball, location: 2F
0-2: Strikes out swinging
Batting: RHB Bob Boone 0-0: SINGLE (Groundball, 6D, EV 108.1 MPH)
Batting: SHB Manny Castillo 0-0: Ground out 4-3 (Groundball, 4, EV 101.3 MPH)
Top of the 8th over - 0 runs, 1 hit, 0 errors, 1 left on base; Castries 4 - Acapulco 2
BOTTOM OF THE 8TH
Acapulco Locos batting - Pitching for Castries Palmeras : RHP James Rogers
Batting: RHB Ramon Lora 0-0: Ground out 5-3 (Groundball, 5, EV 101.9 MPH)
Batting: RHB Heriberto Valdez 0-0: Ball
1-0: Foul Ball, location: 2F
1-1: SINGLE (Line Drive, 9S, EV 97.5 MPH)
Batting: RHB Ray Smith 0-0: Called Strike
0-1: Ball
1-1: Fly out, F9 (Flyball, 9LSF, EV 76.9 MPH)
Batting: RHB Dan Gladden 0-0: Ball
1-0: SINGLE (Line Drive, 6M, EV 98.8 MPH)
Heriberto Valdez to second
Runner from 2nd tries for 3rd, SAFE, no throw by CF
Batting: LHB Manny Leal 0-0: Ground out U3 (Groundball, 3L, EV 84.4 MPH)
Bottom of the 8th over - 0 runs, 2 hits, 0 errors, 2 left on base; Castries 4 - Acapulco 2
TOP OF THE 9TH
Castries Palmeras batting - Pitching for Acapulco Locos : RHP Alexis Roselli
Batting: LHB Geno Petralli 0-0: Called Strike
0-1: SINGLE (Groundball, 3D, EV 99.4 MPH)
Pitching: RHP Eddie Reidy
Batting: RHB Lance Ediger 0-0: Ball
1-0: Fly out, F7 (Flyball, 7, EV 90.6 MPH)
Batting: LHB Wayne Pechek 0-0: Ground out U3 (Groundball, 3, EV 99.4 MPH)
Geno Petralli to second
Batting: LHB Jerry Willard 0-0: Called Strike
0-1: Ball
1-1: Ball
2-1: Ball
3-1: Swinging Strike
3-2: Base on Balls
Batting: SHB Ignacio Medina 0-0: Foul Ball, location: 2F
0-1: Called Strike
0-2: Ground out 4-3 (Groundball, 4, EV 86.3 MPH)
Top of the 9th over - 0 runs, 1 hit, 0 errors, 2 left on base; Castries 4 - Acapulco 2
BOTTOM OF THE 9TH
Acapulco Locos batting - Pitching for Castries Palmeras : RHP James Rogers
Pitching: RHP Mark Humphrey
Now in LF: Robert Harris
Batting: RHB Michael Ventress 0-0: Foul Ball, location: 2F
0-1: Fly out, F8 (Flyball, 89S, EV 81.3 MPH)
Batting: LHB Juan Zavala 0-0: Ball
1-0: Fly out, F7 (Flyball, 7, EV 88.1 MPH)
Batting: LHB Jeff Smith 0-0: Called Strike
0-1: Fly out, F8 (Flyball, 78D, EV 98.1 MPH)
Bottom of the 9th over - 0 runs, 0 hits, 0 errors, 0 left on base; Castries 4 - Acapulco 2
Saturday, June 6th, 2020 - OOTP Baseball 21.3 Build 54